 Dungeon Crawl Stone Soup version 0.30-b1-2-g02819fbbbe (webtiles) character file.

Game seed: 15064992184088710615

165863 LLlMATKO the Warrior (level 17, -9/161 (162) HPs)
             Began as a Minotaur Berserker on Sept 3, 2023.
             Was a High Priest of Trog.
             Mangled by a broodmother (21 damage)
             ... on level 2 of the Spider Nest.
             The game lasted 00:41:20 (33389 turns).

LLlMATKO the Warrior (Minotaur Berserker)          Turns: 33389, Time: 00:41:20

HP:   -9/161 (162)  AC: 30    Str: 30 (31) XL:     17   Next: 28%
MP:   16/16         EV:  5    Int:  6      God:    Trog [*****.]
Gold: 3097          SH:  0    Dex: 10 (11) Spells: 16/16 levels left

rFire   + + .        Y - +8 broad axe "Hellblazer" {venom, rF+ Str+2}
rCold   + + +        V - +3 tower shield
rNeg    . . .        p - +2 crystal plate armour {rC+}
rPois   .            (helmet restricted)
rElec   .            o - scarf {rC+ rF+}
rCorr   .            E - +0 pair of gloves of Inference {rC+}
SInv    .            U - +0 pair of boots
Will    +++..        m - amulet of the Republic {Acrobat Int+2} Stlth
                     R - ring of willpower
HPRegen 0.46/turn    M - ring of willpower
MPRegen 0.15/turn

%: acrobat
@: lethally poisoned (-9 -> -46), held, slowed, studying Short Blades, lightly
drained, very slow
A: horns 2, retaliatory headbutt
a: Renounce Religion, Berserk, Trog's Hand, Brothers in Arms


You were on level 2 of the Spider Nest.
You worshipped Trog.
Trog was extremely pleased with you.
You visited 4 branches of the dungeon, and saw 24 of its levels.
You visited the Abyss 1 time.
You also visited: Gauntlet, Ice Cave and Volcano.

You collected 3431 gold pieces.
You spent 334 gold pieces at shops.

Inventory:

Hand Weapons
 a - the +4 halberd of Propriety {heavy, rPois rCorr}
   (You found it in a Gauntlet)

   rPois:     It protects you from poison.
   rCorr:     It protects you from acid and corrosion.
 e - the +3 broad axe "Xapleet" {flame, Str+2}
   (Trog gifted it to you on level 13 of the Dungeon)

   Str:       It affects your strength (+2).
 J - a +2 hand axe of flaming
 Y - the +8 broad axe "Hellblazer" (weapon) {venom, rF+ Str+2}
   (You acquired it on level 4 of the Lair of Beasts)

   Str:       It affects your strength (+2).
   rF:        It protects you from fire.
Missiles
 s - 34 javelins (quivered)
 G - 35 poisoned darts
 H - 3 silver javelins
 I - 12 curare-tipped darts
 X - 3 throwing nets
Armour
 o - a scarf of resistance (worn)
 p - a +2 crystal plate armour of cold resistance (worn)
 E - the +0 pair of gloves of Inference (worn) {rC+}
   (You found it on level 1 of the Lair of Beasts)

   rC:        It protects you from cold.
 U - a +0 pair of boots (worn)
 V - a +3 tower shield (worn)
Jewellery
 b - a ring of willpower
 m - the amulet of the Republic (around neck) {Acrobat Int+2}
   (You found it in a Gauntlet)

   [amulet of the acrobat]

   It increases your evasion while moving and waiting.
   Int:       It affects your intelligence (+2).
 n - a ring of poison resistance
 z - a ring of fire
 C - a ring of fire
 M - a ring of willpower (right hand)
 R - a ring of willpower (left hand)
 Z - a ring of resist corrosion
Wands
 x - a wand of mindburst (26)
 K - a wand of flame (46)
 L - a wand of iceblast (27)
 O - a wand of charming (28)
 Q - a wand of digging (21)
 S - a wand of light (3)
Scrolls
 f - 7 scrolls of identify
 h - 7 scrolls of enchant armour
 i - 8 scrolls of teleportation
 j - 2 scrolls of enchant weapon
 k - 4 scrolls of immolation
 y - 3 scrolls of blinking
 A - 4 scrolls of amnesia {unknown}
 D - 2 scrolls of fear {unknown}
 N - 4 scrolls of noise {unknown}
 T - a scroll of brand weapon {unknown}
 W - 3 scrolls of fog {unknown}
Potions
 c - 3 potions of curing
 d - a potion of cancellation {unknown}
 g - 9 potions of ambrosia
 l - 8 potions of might
 r - 2 potions of invisibility
 t - 7 potions of flight
 u - 5 potions of heal wounds
 P - 2 potions of haste


   Skills:
 + Level 17.5 Fighting
 + Level 17.5 Axes
 + Level 17.3 Armour
 + Level 15.9 Dodging
 + Level 16.7 Shields


You had 16 spell levels left.
You didn't know any spells.
Your spell library was empty.

Dungeon Overview and Level Annotations

Branches:
Dungeon (15/15)            Temple (0/1) D:5            Lair (5/5) D:11
 Shoals (0/4) Lair:2       Spider (2/4) Lair:2        Slime (0/5) Lair:5
    Orc (2/2) D:10            Elf (0/3) Orc:2        Vaults (0/5) D:13
 Depths (0/4) D:15          IceCv (visited)         Volcano (visited)
Gauntlet (visited)

Altars:
Ashenzari
Fedhas
Gozag
Kikubaaqudgha
Makhleb
Qazlal
Uskayaw
Vehumet
Xom
The Shining One
Jiyva
Lugonu

Shops:
D:3 *(*   Orc:1 :   Orc:2 ((**

Portals:
Abyss: Orc:2 Lair:5

Annotations:
D:4 2 runed translucent doors, PanSaczeczos's ghost, amateur GrMo
Lair:4 2 transporters
Orc:2 2 transporters, xelsha's ghost, adept MiFi


Innate Abilities, Weirdness & Mutations

You have a pair of horns on your head.
You reflexively headbutt those who attack you in melee.


Message History

The culicivora bites you but does no damage.
The jorogumo completely misses you.
The jumping spider leaps!
Unknown command.
Unknown command.
Okay, then.
You are too confused!
You feel better.
The broodmother bites you but does no damage.
The redback bites you but does no damage.
The culicivora bites you but does no damage.
The jumping spider pounces on you but does no damage.
The jumping spider barely misses you. The jorogumo closely misses you.
The broodmother bites you.
* * * LOW HITPOINT WARNING * * *
The redback bites you but does no damage.
The culicivora barely misses you.
The jumping spider completely misses you.
The jumping spider bites you.
* * * LOW HITPOINT WARNING * * *
The jumping spider leaps!
Unknown command.
Unknown command.
Unknown command.
Okay, then.
You feel much better. The redback bites you.
* * * LOW HITPOINT WARNING * * *
You are lethally poisoned!
The redback poisons you! The culicivora barely misses you.
The jorogumo hits you but does no damage.
The jumping spider pounces on you!
* * * LOW HITPOINT WARNING * * *
The jumping spider bites you but does no damage.
The broodmother bites you.
* * * LOW HITPOINT WARNING * * *
A spider bursts forth from the wound!
The redback bites you!
* * * LOW HITPOINT WARNING * * *
The culicivora bites you but does no damage.
The jorogumo hits you but does no damage.
The broodmother bites you!!
You die...

##....................
#.(..........#.....#..
#.^.#..##....^........
##..####.)...........#.
##......#^......!...#..#
#^..................^...
#......s...#^...........
########...#..s.......>......
##|..#.##.....#.@s......!
...............ssH†.....^
......#..........#....#^.
#........................
#.^....†.....#...........
..##.....................
.=#......................
#...........#........#...
##^...............#......


You could see a broodmother (very poisoned), a jorogumo (very poisoned), an orb
spider (summoned), a culicivora (summoned, poisoned), a jumping spider
(summoned) and a redback (summoned).

Vanquished Creatures
  An Ice Fiend (IceCv)
  Rupert (Orc:2)
  A frost giant (D:15)
  3 ghost moths (Spider:2)
  4 emperor scorpions
  An orc warlord (Orc:1)
  A very ugly thing (D:15)
  2 broodmothers (Spider:1)
  Nessos (D:15)
  2 spark wasps (Spider:2)
  2 dire elephants (Spider:2)
  A minotaur (Gauntlet)
  Snorg (Lair:3)
  A green death (Gauntlet)
  Harold (Lair:1)
  5 ogre magi
  2 caustic shrike simulacra (IceCv)
  2 catoblepae
  6 hydras
  6 centaur warriors
  2 radroaches
  7 boulder beetles
  16 two-headed ogres
  5 death yaks
  4 tengu warriors (D:15)
  4 thrashing horrors (Lair:5)
  Urug (D:13)
  A deep elf knight (Spider:2)
  3 pharaoh ants (Spider:1)
  Lodul (D:14)
  2 deep elf archers
  2 orb spiders
  A bog body (IceCv)
  An obsidian statue (IceCv)
  3 wizards
  3 spriggan simulacra (IceCv)
  9 deep elf pyromancers
  A phantasmal warrior (D:13)
  A steelbarb worm (Spider:2)
  2 orc knights
  13 wolf spiders
  6 cyclopes
  11 ugly things
  3 manticores
  2 orc sorcerers (Orc:2)
  22 elephants
  A merfolk siren (Lair:2)
  2 moths of wrath (Spider:1)
  Joseph (D:7)
  6 torpor snails
  3 demonic crawlers
  A smoke demon (Lair:5)
  3 black mambas
  10 cane toads
  3 gargoyles
  A rime drake (Lair:2)
  6 freezing wraiths (IceCv)
  2 efreet
  9 komodo dragons
  4 ice devils (IceCv)
  An ancient zyme (Lair:5)
  A queen bee (Spider:1)
  A troll (shapeshifter) (D:14)
  9 trolls
  3 meliai (Spider:1)
  A hornet (D:11)
  A polar bear (Lair:3)
  Grinder (D:6)
  12 tarantellas
  20 blink frogs
  7 dream sheep
  8 slime creatures
  21 jumping spiders
  A jumping spider (shapeshifter) (D:15)
  Sigmund (D:3)
  2 spriggans (Lair:5)
  13 culicivoras
  3 ynoxinuls
  2 shadows (D:12)
  2 wyverns
  A dire elephant simulacrum (IceCv)
  4 hogs (D:14)
  51 yaks
  7 fire elementals (Volcano)
  3 water elementals (D:15)
  11 basilisks
  2 yaks (shapeshifter)
  25 redbacks
  A redback (shapeshifter) (Lair:5)
  14 vampire mosquitoes
  4 steam dragons
  2 minotaur simulacra (IceCv)
  3 chaos spawn (Lair:5)
  Menkaure (D:4)
  2 harpy simulacra (IceCv)
  2 large abominations (Lair:5)
  5 acid dragons
  4 wargs
  6 hell hounds
  18 water moccasins
  Duvessa (D:6)
  28 orc warriors
  3 sky beasts
  8 small abominations (Lair:5)
  2 ice beasts (D:6)
  An alligator simulacrum (IceCv)
  40 ogres
  A black bear (D:6)
  10 wolves (Lair:2)
  12 centaurs
  14 bullfrogs
  2 kobold brigands (D:8)
  3 deep troll simulacra (IceCv)
  A gnoll sergeant (D:10)
  6 scorpions
  5 wights (D:8)
  A lindwurm simulacrum (IceCv)
  Dowan (D:6)
  29 killer bees
  5 electric eels
  5 howler monkeys
  4 crimson imps (D:15)
  3 hounds
  7 jellies
  Crazy Yiuf (D:2)
  22 orc priests
  A gnoll bouda (D:9)
  2 iron imps (Gauntlet)
  3 iguanas
  35 orc wizards
  2 sleepcaps
  8 gnolls
  3 adders
  A shadow imp (D:7)
  A white imp (D:5)
  An ufetubus (D:6)
  2 worms
  2 dart slugs
  69 orcs
  7 bats
  7 endoplasms
  3 giant cockroaches
  7 goblins
  8 hobgoblins
  2 jackals (D:2)
  6 quokkas
  10 ball pythons
  5 frilled lizards
  15 kobolds
  5 rats
918 creatures vanquished.

Vanquished Creatures (collateral kills)
  A ghost moth (Spider:2)
  A boulder beetle (D:9)
  A death yak (Lair:4)
  Sonja (D:13)
  2 orb spiders (Spider:2)
  A cyclops (D:13)
  A wolf spider (Spider:2)
  3 elephants (Lair:3)
  A cane toad (Lair:4)
  A komodo dragon (Lair:4)
  A freezing wraith (IceCv)
  A tarantella (Spider:2)
  2 redbacks (Spider:2)
  An orc warrior (D:8)
  2 orcs
20 creatures vanquished.

Vanquished Creatures (others)
  A deep elf pyromancer (Volcano)
  A swamp drake (D:11)
  A kobold (D:8)
  14 demonic plants (Gauntlet)
  18 fungi
  58 plants
93 creatures vanquished.

Grand Total: 1031 creatures vanquished

Notes
Turn   | Place    | Note
-------+----------+-------------------------------------------
     0 | D:1      | LLlMATKO the Minotaur Berserker began the quest for the
                  | Orb.
     0 | D:1      | Reached XP level 1. HP: 19/19 MP: 0/0
    83 | D:1      | Reached XP level 2. HP: 26/27 MP: 1/1
   283 | D:1      | Reached ** piety under Trog
   475 | D:1      | Reached XP level 3. HP: 32/33 MP: 2/2
  1277 | D:2      | Reached XP level 4. HP: 38/41 MP: 3/3
  1469 | D:2      | Found a runed translucent door.
  1470 | D:2      | Noticed Crazy Yiuf
  1476 | D:2      | Killed Crazy Yiuf
  1644 | D:3      | Found Nimebri's Assorted Antiques.
  1730 | D:3      | Found Hifrae's Antique Weapon Emporium.
  1764 | D:3      | Found Jorr's Assorted Antiques.
  1795 | D:3      | Noticed Sigmund
  1810 | D:3      | Killed Sigmund
  1811 | D:3      | Reached skill level 5 in Fighting
  1811 | D:3      | Reached skill level 5 in Axes
  1811 | D:3      | Reached XP level 5. HP: 39/48 MP: 4/4
  1811 | D:3      | Reached XP level 6. HP: 46/56 MP: 5/5
  1925 | D:3      | Identified the +3 ring mail of Gow Hemm {rN+ Str-4 Int+3}
  2058 | D:3      | Bought a buckler for 148 gold pieces
  2192 | D:4      | Found a large runed translucent door.
  2193 | D:4      | Found a large runed translucent door.
  2195 | D:4      | Noticed PanSaczeczos's ghost (amateur GrMo)
  2236 | D:4      | Noticed Menkaure
  2242 | D:4      | Killed Menkaure
  2243 | D:4      | Reached skill level 1 in Shields
  2609 | D:4      | Found a burning altar of Makhleb.
  2609 | D:4      | Found a stormy altar of Qazlal.
  2610 | D:4      | Found an ancient bone altar of Kikubaaqudgha.
  2796 | D:4      | Reached *** piety under Trog
  2873 | D:4      | Identified the +2 robe "Maudwum" {rCorr}
  2926 | D:4      | Reached XP level 7. HP: 40/61 MP: 6/6
  3172 | D:4      | Found a broken altar of Ashenzari.
  3252 | D:5      | Entered Level 5 of the Dungeon
  3260 | D:5      | Reached skill level 5 in Armour
  3821 | D:5      | Found a staircase to the Ecumenical Temple.
  4282 | D:3      | Bought a glowing hand axe for 186 gold pieces
  4419 | D:6      | Reached skill level 5 in Dodging
  4455 | D:6      | Reached XP level 8. HP: 70/70 MP: 7/7
  4686 | D:6      | Noticed Grinder
  4854 | D:6      | Killed Grinder
  4978 | D:6      | Noticed Duvessa
  4978 | D:6      | Noticed Dowan
  4986 | D:6      | Killed Duvessa
  4988 | D:6      | Killed Dowan
  4989 | D:6      | Reached skill level 5 in Shields
  5180 | D:6      | Reached XP level 9. HP: 79/79 MP: 8/8
  6355 | D:7      | Noticed a boulder beetle
  6377 | D:7      | Killed a boulder beetle
  6833 | D:7      | Noticed Joseph
  6846 | D:7      | Killed Joseph
  7049 | D:8      | Reached **** piety under Trog
  7390 | D:8      | Reached XP level 10. HP: 89/89 MP: 9/9
  8383 | D:9      | Noticed a boulder beetle
  8417 | D:9      | Killed a boulder beetle
  8991 | D:10     | Entered Level 10 of the Dungeon
  8991 | D:10     | Found a glowing golden altar of the Shining One.
  8991 | D:10     | Found a staircase to the Orcish Mines.
  9083 | D:10     | Reached skill level 10 in Axes
  9090 | D:10     | Reached skill level 10 in Fighting
  9099 | D:10     | Reached XP level 11. HP: 83/99 MP: 10/10
  9797 | D:10     | Found a hide-covered altar of Uskayaw.
  9797 | D:10     | Found an opulent altar of Gozag.
  9797 | D:10     | Found a radiant altar of Vehumet.
  9904 | D:10     | Reached skill level 10 in Armour
 10120 | D:11     | Noticed a two-headed ogre
 10130 | D:11     | Killed a two-headed ogre
 10568 | D:11     | Noticed a wizard
 10576 | D:11     | Killed a wizard
 10691 | D:11     | Found a blossoming altar of Fedhas.
 11389 | D:11     | Found a staircase to the Lair.
 11507 | Lair:1   | Entered Level 1 of the Lair of Beasts
 11507 | Lair:1   | Noticed a boulder beetle
 11584 | Lair:1   | Killed a boulder beetle
 11799 | Lair:1   | Reached skill level 10 in Dodging
 12234 | Lair:1   | Reached XP level 12. HP: 110/110 MP: 11/11
 12255 | Lair:1   | Noticed a seven-headed hydra
 12268 | Lair:1   | Killed a one-headed hydra
 12269 | Lair:1   | Reached skill level 10 in Shields
 12344 | Lair:1   | Noticed Harold
 12363 | Lair:1   | Killed Harold
 12455 | Lair:1   | Identified the +0 pair of gloves of Inference {rC+}
 12872 | Lair:2   | Noticed a five-headed hydra
 12872 | Lair:2   | Noticed a death yak
 12872 | Lair:2   | Noticed a death yak
 12872 | Lair:2   | Noticed a death yak
 12873 | Lair:2   | Noticed a death yak
 12882 | Lair:1   | Killed a death yak
 12885 | Lair:1   | Killed a death yak
 12937 | Lair:2   | Killed a one-headed hydra
 12943 | Lair:2   | Killed a death yak
 12946 | Lair:2   | Killed a death yak
 13246 | Lair:2   | Noticed a six-headed hydra
 13256 | Lair:2   | Killed a three-headed hydra
 13684 | Lair:2   | Found a hole to the Spider Nest.
 14135 | Lair:2   | Reached ***** piety under Trog
 14241 | Lair:2   | Found a staircase to the Shoals.
 14600 | Lair:2   | Reached XP level 13. HP: 119/119 MP: 12/12
 15535 | Lair:3   | Noticed Snorg
 15546 | Lair:3   | Killed Snorg
 16751 | Lair:4   | Found a transporter.
 16754 | Lair:4   | Found a transporter.
 16767 | Lair:4   | Identified a scroll of acquirement
 16767 | Lair:4   | Acquired the +8 broad axe "Hellblazer" {venom, rF+ Str+2}
 17530 | Lair:5   | Entered Level 5 of the Lair of Beasts
 17540 | Lair:5   | Reached XP level 14. HP: 130/130 MP: 13/13
 17612 | Lair:5   | Found a gate leading to a gauntlet.
 17626 | Gauntlet | Entered a Gauntlet
 17626 | Gauntlet | Found a transporter.
 17645 | Gauntlet | Found a transporter.
 17655 | Gauntlet | Found a transporter.
 17660 | Gauntlet | Found a transporter.
 17675 | Gauntlet | Found a transporter.
 17694 | Gauntlet | Found a transporter.
 17698 | Gauntlet | Noticed a reaper
 17706 | Gauntlet | Found a transporter.
 17718 | Gauntlet | Found a transporter.
 17726 | Gauntlet | Found a large runed translucent door.
 17727 | Gauntlet | Found a large runed translucent door.
 17728 | Gauntlet | Found a large runed translucent door.
 17728 | Gauntlet | Found a large runed translucent door.
 17729 | Gauntlet | Found a runed translucent gate.
 17730 | Gauntlet | Found a transporter.
 17730 | Gauntlet | Found a runed translucent gate.
 17731 | Gauntlet | Found a runed translucent gate.
 17732 | Gauntlet | Found a large runed translucent door.
 17732 | Gauntlet | Found a large runed translucent door.
 17733 | Gauntlet | Found a large runed translucent door.
 17734 | Gauntlet | Found a large runed translucent door.
 17742 | Gauntlet | Found a transporter.
 17759 | Gauntlet | Found a transporter.
 17773 | Gauntlet | Found a large runed translucent door.
 17774 | Gauntlet | Found a large runed translucent door.
 17775 | Gauntlet | Found a large runed translucent door.
 17775 | Gauntlet | Found a large runed translucent door.
 17776 | Gauntlet | Found a runed translucent door.
 17777 | Gauntlet | Found a transporter.
 17778 | Gauntlet | Found a runed translucent door.
 17779 | Gauntlet | Found a transporter.
 17779 | Gauntlet | Found a large runed translucent door.
 17779 | Gauntlet | Found a large runed translucent door.
 17780 | Gauntlet | Found a large runed translucent door.
 17804 | Gauntlet | Found a transporter.
 17806 | Gauntlet | Found a transporter.
 17826 | Gauntlet | Found a transporter.
 17922 | Gauntlet | Found a transporter.
 17922 | Gauntlet | Found a transporter.
 17938 | Gauntlet | Found a large runed translucent door.
 18111 | Gauntlet | Identified the +4 halberd of Propriety {heavy, rPois rCorr}
 18152 | Gauntlet | Identified the amulet of the Republic {Acrobat Int+2}
 18227 | Gauntlet | Identified the amulet "Ofuidd" {RegenMP Harm Rampage rC-
                  | rN+}
 19116 | Lair:5   | Found a viscous altar of Jiyva.
 19119 | Lair:5   | Found a staircase to the Slime Pits.
 19950 | Lair:5   | Identified the +0 whip of the Hurting Gods {heavy, SInv}
 20824 | Lair:5   | Found a corrupted altar of Lugonu.
 20826 | Lair:5   | Found a one-way gate to the infinite horrors of the Abyss.
 22168 | D:13     | Noticed Urug
 22177 | D:13     | Killed Urug
 22253 | D:13     | Identified the +3 broad axe "Xapleet" {flame, Str+2} (Trog
                  | gifted it to you on level 13 of the Dungeon)
 22253 | D:13     | Received a gift from Trog
 22661 | D:13     | Noticed Sonja
 22665 | Abyss:2  | Cast into level 2 of the Abyss (Sonja)
 22708 | D:13     | Escaped the Abyss
 22724 | D:13     | Killed Sonja
 23005 | D:13     | Found a gate to the Vaults.
 23342 | Orc:1    | Entered Level 1 of the Orcish Mines
 23342 | Orc:1    | Noticed an orc warlord
 23360 | Orc:1    | Found Piet's Book Shoppe.
 23366 | Orc:1    | Killed an orc warlord
 23367 | Orc:1    | Reached skill level 15 in Fighting
 23534 | Orc:2    | Entered Level 2 of the Orcish Mines
 23539 | Orc:2    | Found a staircase to the Elven Halls.
 23560 | Orc:2    | Reached skill level 15 in Axes
 23560 | Orc:2    | Reached XP level 15. HP: 122/141 MP: 14/14
 23592 | Orc:2    | Found a dark tunnel.
 23597 | Volcano  | Entered a volcano
 23964 | Orc:1    | Reached skill level 15 in Armour
 24745 | Orc:2    | Reached ****** piety under Trog
 24769 | Orc:2    | Found Syholyod's Antique Weapon Boutique.
 24769 | Orc:2    | Found Vimisuy's General Store.
 24774 | Orc:2    | Found Wasu's Weapon Shoppe.
 24774 | Orc:2    | Found Kiqah's Assorted Antiques.
 24988 | Orc:2    | Received a gift from Trog
 25215 | Orc:2    | Found a transporter.
 25223 | Orc:2    | Noticed xelsha's ghost (adept MiFi)
 25394 | Orc:2    | Noticed Rupert
 25402 | Orc:2    | Killed Rupert
 25432 | Orc:2    | Found a transporter.
 26003 | D:14     | Noticed Lodul
 26016 | D:14     | Killed Lodul
 26028 | D:14     | Reached skill level 15 in Shields
 26414 | D:14     | Received a gift from Trog
 27074 | D:15     | Entered Level 15 of the Dungeon
 27151 | D:15     | Reached XP level 16. HP: 140/151 MP: 15/15
 27161 | D:15     | Found a frozen archway.
 27167 | IceCv    | Entered an ice cave
 28031 | IceCv    | Noticed an Ice Fiend
 28043 | IceCv    | Killed an Ice Fiend
 28046 | IceCv    | HP: 11/226 [freezing wraith (8)]
 28505 | D:15     | Noticed Nessos
 28686 | D:15     | Killed Nessos
 28724 | D:15     | Found a staircase to the Depths.
 28880 | D:15     | Reached skill level 15 in Dodging
 29575 | D:15     | Found a shimmering altar of Xom.
 30300 | D:15     | Found a staircase to the Depths.
 30627 | Spider:1 | Entered Level 1 of the Spider Nest
 30647 | Spider:1 | Received a gift from Trog
 31858 | Spider:2 | Received a gift from Trog
 32606 | Spider:2 | Reached XP level 17. HP: 135/161 MP: 16/16
 33345 | Spider:2 | Identified the staff of cold "Poikost" {rElec rC+ rN+ Str+3
                  | Int-2}
 33387 | Spider:2 | HP: 4/161 [broodmother (13)]
 33389 | Spider:2 | Mangled by a broodmother

Illustrated notes

Levels and vault maps discovered:
D:1:      roderic_crop_circles_arrival_small, layout_basic,
          dreamdust_wishing_well
D:2:      layout_loops_ring, uniq_crazy_yiuf_cottage
D:3:      layout_rooms, serial_shops, shop, shop, nicolae_shop_tiny_glass,
          hangedman_decor_peaks_small, dreamdust_princess_bridge, uniq_sigmund
D:4:      minmay_inner_zag, layout_loops_ring,
          chequers_temple_overflow_statue_of_worship,
          mainiacjoe_overflow_alcove_1, ebering_ghost_disaster_area,
          minmay_misc_feat_nine_boxes, uniq_menkaure
D:5:      layout_loops_ring, minmay_temple_entry_junction
D:6:      layout_basic, minmay_fractal_squares_diagonal_5, uniq_grinder,
          uniq_duvessa
D:7:      layout_loops_ring, uniq_joseph
D:8:      layout_rooms, minmay_puff
D:9:      layout_rooms, serial_rivers, chequers_serial_rivers_micro_a,
          chequers_serial_rivers_small_3, chequers_serial_rivers_micro_a,
          chequers_serial_rivers_large_a, chequers_serial_rivers_small_b,
          chequers_serial_rivers_small_3
D:10:     layout_loops_cross, mainiacjoe_overflow_concentric_impassable,
          gammafunk_temple_overflow_claw
D:11:     layout_irregular_city, erik_lair_dragon, fedhas_altar_fruit_tree
D:12:     layout_long_grid
D:13:     layout_irregular_city, david_vaults_4, nicolae_hexahallways,
          minmay_lindwurm_lava, uniq_urug, uniq_sonja
D:14:     layout_loops_ring, minmay_misc_feat_plants, uniq_lodul, uniq_kirke
D:15:     grunt_enter_depths_snipers, layout_basic,
          portal_ice_cave_entry_horrid_things,
          hangedman_abyss_or_decor_jellyfish_corner, led_xom_imps, uniq_nessos
Lair:1:   layout_chaotic_city, grunt_megastairs_2, uniq_harold
Lair:2:   layout_loops_ring, minmay_shoals_entry_lonely_mermaid,
          nicolae_spider_entry_non_spiders, grunt_megastairs_1
Lair:3:   layout_gridlike, st_stairs_4, nicolae_lair_grazing_beasts
          [nicolae_sub_lair_graze_edge, nicolae_sub_lair_graze_edge,
          nicolae_sub_lair_graze_edge, nicolae_sub_lair_graze_edge],
          lemuel_fruit_tree, serial_bayou_shore_a, infiniplex_staircase_pool,
          uniq_snorg
Lair:4:   layout_regular_city, gammafunk_ghost_hive, nzn_random_ring
Lair:5:   hellmonk_lair_end_abyssal_woods, layout_cave_shapes, slime_entry_1,
          gauntlet_entry_generic
Spider:1: layout_spider_delve, special_room [special_room_bee],
          nicolae_spider_nooks_and_crannies
Spider:2: layout_spider_delve, drop_trap, beargit_elvish_explorers
Orc:1:    layout_caves, serial_shops, nicolae_book_shop_shelving
Orc:2:    st_orc_ogre_mass, layout_caves, enter_volcano_4,
          gammafunk_ghost_abyssal_escape, uniq_rupert

Skill      XL: |  1  2  3  4  5  6  7  8  9 10 11 12 13 14 15 16 |
---------------+-------------------------------------------------+-----
Axes           | 4 5 6 7 8 10 11 12 13 15 16 17 | 17.5
Fighting       | 4 5 6 7 8 10 11 12 13 15 16 17 | 17.5
Armour         | 3 4 5 6 8 9 11 12 13 14 15 17 | 17.3
Dodging        | 3 4 5 6 7 8 10 11 12 13 14 15 | 15.9
Shields        | 1 3 5 6 8 9 11 12 14 15 16 | 16.7

Action                     |  1- 3 |  4- 6 |  7- 9 | 10-12 | 13-15 | 16-18 || total
---------------------------+-------+-------+-------+-------+-------+-------++-------
  Melee: Hand axe          |   105 |    84 |   208 |   723 |   230 |       ||  1350
         Headbutt          |    19 |    15 |    38 |   169 |   248 |   132 ||   621
         Punch             |     1 |       |       |       |       |       ||     1
         Broad axe         |       |       |       |       |   790 |   507 ||  1297
  Throw: Javelin           |       |       |     3 |    11 |    20 |    15 ||    49
 Invoke: Berserk           |       |     3 |     9 |    15 |    20 |     8 ||    55
         Brothers in Arms  |       |       |       |     2 |     3 |     2 ||     7
         Trog's Hand       |       |       |       |     2 |     9 |     5 ||    16
    Use: Scroll            |       |       |       |     2 |    14 |    10 ||    26
         Potion            |       |       |       |       |       |     3 ||     3
   Stab: Sleeping          |       |     1 |       |       |       |       ||     1
         Petrifying        |       |       |       |       |     1 |       ||     1
 Armour: Animal skin       |    25 |       |       |       |       |       ||    25
         Scale mail        |       |     6 |       |       |       |       ||     6
         Plate armour      |       |    26 |    93 |   235 |   274 |    23 ||   651
         Chain mail        |       |     3 |       |       |       |       ||     3
         Crystal plate arm |       |       |       |       |       |   317 ||   317
  Dodge: Dodged            |    64 |    31 |    88 |   249 |   276 |   215 ||   923
  Block: Buckler           |       |     2 |    30 |    54 |       |       ||    86
         Tower shield      |       |       |       |   330 |   863 |   620 ||  1813
